 Dungeon Crawl Stone Soup version 0.15-a0-1854-g6489380 (webtiles) character file.

17274 Crauler the Carver (level 12, -8/79 HPs)
             Began as a Halfling Fighter on July 3, 2014.
             Was a High Priest of Okawaru.
             Killed from afar by an electric eel (11 damage)
             ... with a bolt of electricity
             ... on Level 1 of the Lair of Beasts.
             The game lasted 01:15:18 (16595 turns).

Crauler the Carver (Halfling Fighter)              Turns: 16595, Time: 01:15:19

HP  -8/79        AC 13     Str 18      XL: 12   Next: 80%
MP  22/22        EV 20     Int  5 (8)  God: Okawaru [*****.]
Gold 831         SH  8     Dex 18      Spells:  0 memorised, 11 levels left

rFire  + . .     SeeInvis .     u - +1 demon blade (flame)
rCold  x . .     Clarity  .     I - +2 leather armour of Elyvilon's Fury {Slay+4}
rNeg   . . .     rCorr    .     c - +0 buckler
rPois  .         rRot     .     o - +0 helmet
rElec  .         Spirit   .     z - +0 cloak
SustAb .         Warding  .     (no gloves)
rMut   .         Stasis   .     X - +0 pair of boots
Gourm  .                        l - amulet of rage
MR     .....                    Y - ring of fire
                                q - +4 ring of protection

@: very slightly contaminated, invisible, not resistant to hostile enchantments,
unstealthy
A: mutation resistance 1, strong 1
a: Heroism, Finesse, Renounce Religion, Evoke Berserk Rage


You were on level 1 of the Lair of Beasts.
You worshipped Okawaru.
Okawaru was extremely pleased with you.
You were not hungry.

You visited 3 branches of the dungeon, and saw 14 of its levels.
You also visited: Volcano.

You collected 935 gold pieces.
You spent 104 gold pieces at shops.

Inventory:

Hand weapons
 k - a +0 blowgun
 n - a +1 scimitar of holy wrath
 u - a +1 demon blade of flaming (weapon)
 O - a +2 demon blade of electrocution
Missiles
 v - 61 poisoned needles
 N - 6 needles of confusion
 Q - 4 needles of slowing
Armour
 c - a +0 buckler (worn)
 o - a +0 helmet (worn)
 z - a +0 cloak (worn)
 I - the +2 leather armour of Elyvilon's Fury (worn) {Slay+4}
   (You found it on level 6 of the Dungeon)

   It affects your accuracy and damage with ranged weapons and melee attacks
   (+4).
 W - a +0 troll leather armour
 X - a +0 pair of boots (worn)
Magical devices
 a - a wand of disintegration (1)
 t - a wand of polymorph (12)
 w - a wand of cold (5)
 E - a wand of paralysis (6)
 T - a wand of lightning (3)
 U - a wand of fire (1)
 V - a wand of invisibility (1)
 Z - a wand of digging (18)
Comestibles
 d - 5 bread rations
 j - 3 beef jerkies
 H - 2 meat rations
Scrolls
 g - 5 scrolls of remove curse
 h - 11 scrolls of identify
 y - a scroll of blinking
 A - 2 scrolls of fog
 B - a scroll of silence
 P - a scroll of magic mapping
 S - 2 scrolls of teleportation
Jewellery
 l - an amulet of rage (around neck)
 q - a +4 ring of protection (left hand)
 r - an uncursed ring of poison resistance {unknown}
 s - an uncursed ring of see invisible
 L - a +3 ring of strength
 Y - a ring of fire (right hand)
Potions
 b - a potion of invisibility
 e - 2 potions of might
 m - 2 potions of curing
 p - a potion of agility
 x - a potion of experience {unknown}
 C - 2 potions of brilliance
 D - 2 potions of resistance
 G - 3 potions of berserk rage
 K - 3 potions of haste


   Skills:
 - Level 6.1 Fighting
 * Level 13.4 Long Blades
 - Level 5.4 Armour
 + Level 8.3 Dodging
 + Level 9.5 Shields
 - Level 7.0 Invocations


You had 11 spell levels left.
You didn't know any spells.

Dungeon Overview and Level Annotations

Branches:
Dungeon (12/15)            Temple (1/1) D:5             Orc (0/4) D:12
   Lair (1/8) D:11

Altars:
Ashenzari
Cheibriados
Dithmenos
Elyvilon
Fedhas
Gozag
Kikubaaqudgha
Makhleb
Nemelex Xobeh
Okawaru
Qazlal
Sif Muna
Trog
Vehumet
Xom
Yredelemnul
Zin
The Shining One

Shops:
D:6 ?   D:8 ?


Innate Abilities, Weirdness & Mutations

You are small and have problems with some larger weapons.
You are somewhat resistant to further mutation.
Your muscles are strong. (Str +2)


Message History

Evoke which item? (* to show all) (? for menu, Esc to quit)
Zapping:
V - a wand of invisibility {zapped: 3}
Press: ? - help, Shift-Dir - straight line, f - you You fade into invisibility!
You are very lightly contaminated with residual magic.
The electric eel shoots out a bolt of electricity!
The bolt of electricity hits the plant.
The bolt of electricity hits the electric eel.
The electric eel resists.
The bolt of electricity misses you. The bolt of electricity hits you!
* * * LOW HITPOINT WARNING * * *
Drink which item? (? for menu, Esc to quit)
You feel better.
The electric eel shoots out a bolt of electricity!
The bolt of electricity hits the plant.
The bolt of electricity hits the electric eel.
The electric eel resists.
The bolt of electricity hits you!
* * * LOW HITPOINT WARNING * * *
The bolt of electricity hits you!
You die...

.......# #≈≈≈≈PP≈P≈≈≈≈≈≈≈≈≈≈≈≈≈≈
.....#.###≈≈≈♣≈≈≈≈≈≈≈≈≈≈≈≈≈≈≈≈≈≈≈
....#..##.♣♣≈≈≈≈≈P≈≈≈≈≈≈≈≈≈≈≈≈≈≈≈
......../..♣P≈≈P≈≈♣≈≈≈≈≈≈≈≈≈≈≈≈*≈
♣♣..........≈♣≈≈≈≈≈≈≈≈≈≈≈≈≈≈≈*≈≈≈
♣P......##.###≈♣♣≈♣≈≈≈;≈≈≈P≈≈≈≈≈≈
≈...###########♣≈≈≈≈P≈♣≈≈P≈≈≈≈*≈≈
♣♣..###.#...# #.;≈♣♣♣≈♣ ♣≈≈ ****
♣♣..........####@.#♣* ≈≈♣≈≈*≈* *
♣..#....##....##.## *≈**#≈****
.>..........≈....# *** ***
..........§§.....#* *****
.......#.≈........# **,,,**
##....#.§....#....** *,*,,,* *
#P....§≈#.#..#....,*** *, *******
#...≈≈.###........#* * **,,*,,,,,
*......,,,.§#....#,,** *, ****,,


You could see 2 electric eels.

Vanquished Creatures
  2 hydras
  2 hill giants
  An unseen horror (D:12)
  Joseph (D:11)
  A gargoyle (D:10)
  Psyche (D:11)
  A kobold demonologist (D:11)
  3 trolls
  5 two-headed ogres
  A fire drake (Volcano)
  18 yaks
  A hog (Volcano)
  A fire bat (Volcano)
  3 ugly things (D:11)
  A deep elf mage (D:9)
  A deep elf fighter (D:7)
  A wyvern (D:8)
  2 hungry ghosts
  Menkaure (D:4)
  A mottled dragon (D:10)
  4 porcupines (D:11)
  4 ice beasts
  A black bear (D:9)
  4 ogres
  3 sky beasts
  A centaur (D:3)
  3 orc warriors
  A crocodile (D:8)
  A yellow wasp (D:7)
  14 big kobolds
  A gnoll sergeant (D:8)
  11 giant frogs
  8 jellies
  14 killer bees
  A wyvern skeleton (D:11)
  2 scorpions
  A lava snake (D:10)
  9 wights
  A goliath beetle (D:6)
  7 orc priests
  The ghost of orcwarrior the Ruffian, a weakling VSFi (D:4)
  2 quasits
  2 crimson imps (D:9)
  8 hounds
  Crazy Yiuf (D:3)
  11 orc wizards
  A centaur skeleton (D:7)
  A gnoll shaman (D:6)
  3 iguanas
  6 worker ants
  Ijyb (D:5)
  Jessica (D:3)
  An ogre zombie (D:6)
  2 hound zombies
  A mummy (D:11)
  An ogre skeleton (D:10)
  A big kobold skeleton (D:6)
  A scorpion zombie (D:8)
  10 adders
  2 shadow imps
  23 gnolls
  2 giant mites
  6 worms
  2 orc skeletons
  5 giant geckos
  2 oozes
  51 orcs
  2 ball pythons
  A bat skeleton (D:4)
  7 giant cockroaches
  5 goblins
  23 hobgoblins
  8 jackals
  5 quokkas
  10 bats
  5 giant newts
  A goblin skeleton (D:4)
  2 hobgoblin skeletons
  39 kobolds
  An orc zombie (D:6)
  20 rats
  A rat skeleton (D:5)
  A plant (D:6)
418 creatures vanquished.

Vanquished Creatures (others)
  A kobold (D:6)
1 creature vanquished.

Grand Total: 419 creatures vanquished

Notes
Turn   | Place    | Note
--------------------------------------------------------------
     0 | D:1      | Crauler, the Halfling Fighter, began the quest for the Orb.
     0 | D:1      | Reached XP level 1. HP: 15/15 MP: 1/1
   172 | D:1      | Reached XP level 2. HP: 17/20 MP: 2/2
   597 | D:1      | Reached XP level 3. HP: 24/26 MP: 3/3
  1420 | D:2      | Reached XP level 4. HP: 31/31 MP: 4/4
  1422 | D:2      | Reached skill level 4 in Shields
  2113 | D:2      | Found a shimmering altar of Xom.
  2290 | D:2      | Reached XP level 5. HP: 31/36 MP: 5/5
  2392 | D:3      | Noticed Jessica
  2400 | D:3      | Killed Jessica
  3077 | D:3      | Reached XP level 6. HP: 38/42 MP: 6/6
  3160 | D:3      | Found a blossoming altar of Fedhas.
  3161 | D:3      | Noticed a centaur
  3181 | D:3      | Killed a centaur
  3404 | D:3      | Noticed Crazy Yiuf
  3418 | D:3      | HP: 2/43 [Crazy Yiuf/quarterstaff of chaos (13)]
  3420 | D:3      | Killed Crazy Yiuf
  3985 | D:3      | Gained mutation: Your muscles are strong. (Str +2) [potion of beneficial mutation]
  4026 | D:4      | Noticed orcwarrior's ghost (weakling VSFi)
  4037 | D:3      | Reached skill level 5 in Shields
  4037 | D:3      | Reached XP level 7. HP: 32/47 MP: 7/7
  4493 | D:4      | Killed orcwarrior's ghost
  4665 | D:4      | Noticed Menkaure
  5317 | D:5      | Entered Level 5 of the Dungeon
  5317 | D:5      | Found a staircase to the Ecumenical Temple.
  5325 | Temple   | Entered the Ecumenical Temple
  5457 | Temple   | Became a worshipper of Warmaster Okawaru
  5647 | D:5      | Reached skill level 5 in Armour
  5774 | D:5      | Reached skill level 5 in Long Blades
  5934 | D:5      | Noticed Ijyb
  5934 | D:5      | Paralysed by Ijyb for 5 turns
  5952 | D:5      | Killed Ijyb
  5980 | D:5      | Found a shadowy altar of Dithmenos.
  6494 | D:5      | Reached XP level 8. HP: 4/54 MP: 8/8
  7022 | D:6      | Found a basalt altar of Yredelemnul.
  7086 | D:6      | Found a bloodstained altar of Trog.
  7139 | D:6      | Got a smoking leather armour
  7151 | D:6      | Identified the cursed +2 leather armour of Elyvilon's Fury {Slay+4} (You found it on level 6 of the Dungeon)
  7220 | D:6      | Reached skill level 6 in Long Blades
  7260 | D:6      | Acquired Okawaru's first power
  7393 | D:6      | Found Rafeq's Magic Scroll Shop.
  7396 | D:6      | Bought a scroll of blinking for 82 gold pieces
  7396 | D:6      | Bought a scroll of fog for 22 gold pieces
  7431 | D:6      | Reached skill level 1 in Invocations
  8193 | D:7      | Reached skill level 5 in Fighting
  8408 | D:7      | Reached XP level 9. HP: 59/61 MP: 11/11
  8619 | D:7      | Reached skill level 7 in Long Blades
  9071 | D:8      | Found a blossoming altar of Fedhas.
  9076 | D:8      | Found Phuleq's Magic Scroll Emporium.
  9453 | D:8      | Found a shattered altar of Ashenzari.
 10134 | D:8      | Reached skill level 8 in Long Blades
 10300 | D:8      | Reached XP level 10. HP: 68/68 MP: 17/17
 10342 | D:8      | Reached skill level 9 in Long Blades
 10342 | D:8      | Reached skill level 1 in Dodging
 10342 | D:8      | Reached skill level 5 in Invocations
 11414 | D:4      | Killed Menkaure
 12005 | D:9      | Reached skill level 10 in Long Blades
 12463 | D:10     | Entered Level 10 of the Dungeon
 12613 | D:9      | Reached XP level 11. HP: 47/72 MP: 19/21
 13083 | D:10     | Reached skill level 11 in Long Blades
 13102 | D:10     | Noticed a gargoyle
 13127 | D:10     | Killed a gargoyle
 13249 | D:10     | Reached skill level 5 in Dodging
 13351 | D:10     | Acquired Okawaru's second power
 13503 | D:11     | Noticed a hill giant
 13514 | D:11     | Killed a hill giant
 13568 | D:11     | Found a staircase to the Lair.
 13747 | D:11     | Noticed Psyche
 13943 | D:11     | Killed Psyche
 13943 | D:11     | Reached skill level 12 in Long Blades
 14340 | D:11     | Received a gift from Okawaru
 14365 | D:11     | Reached XP level 12. HP: 68/79 MP: 22/22
 14651 | D:11     | Noticed Joseph
 14668 | D:11     | Killed Joseph
 14707 | D:11     | Noticed a six-headed hydra
 14731 | D:11     | Killed a 16-headed hydra
 14883 | D:12     | Found a staircase to the Orcish Mines.
 15493 | D:12     | Noticed a six-headed hydra
 15527 | D:12     | Killed a six-headed hydra
 15527 | D:12     | Reached skill level 13 in Long Blades
 15831 | D:12     | Paralysed by a potion of paralysis for 2 turns
 16086 | D:12     | Received a gift from Okawaru
 16232 | Lair:1   | Entered Level 1 of the Lair of Beasts
 16295 | Lair:1   | Found a dark tunnel.
 16305 | Volcano  | Entered a volcano
 16595 | Lair:1   | HP: 3/79 [electric eel/bolt of electricity (10)]
 16595 | Lair:1   | Killed from afar by an electric eel

Action                   |  1- 3 |  4- 6 |  7- 9 | 10-12 || total
-------------------------+-------+-------+-------+-------++-------
Melee: Long sword        |   113 |   156 |   465 |       ||   734
       Scimitar          |       |       |   158 |   729 ||   887
       Demon blade       |       |       |       |    32 ||    32
Invok: Heroism           |       |       |     1 |    12 ||    13
       Finesse           |       |       |       |     1 ||     1
 Abil: Evoke Berserk Rag |       |       |       |     1 ||     1
Evoke: Wand              |       |     1 |     3 |    22 ||    26
  Use: Potion            |       |     6 |     2 |    12 ||    20
       Scroll            |       |       |    10 |     9 ||    19
 Stab: Sleeping          |       |       |       |     1 ||     1
       Invisible         |       |       |       |     2 ||     2
